 Dungeon Crawl Stone Soup version 0.17.0-28-g6e173f8 (webtiles) character file.

245 Peloso the Shield-Bearer (level 5, -7/47 HPs)
             Began as a Minotaur Fighter on Nov 29, 2015.
             Mangled by an ogre
             ... wielding a cursed -1 giant club
              (24 damage)
             ... on level 5 of the Dungeon.
             The game lasted 00:06:53 (2287 turns).

Peloso the Shield-Bearer (Minotaur Fighter)         Turns: 2287, Time: 00:06:53

Health: -7/47      AC:  7    Str: 21    XL:     5   Next: 84%
Magic:  4/4        EV:  8    Int:  5    God:
Gold:   211        SH: 10    Dex: 10    Spells: 0 memorised, 4 levels left

rFire  . . .     SeeInvis +     a - +0 long sword
rCold  . . .     Clarity  .     b - +0 scale mail
rNeg   . . .     SustAt   .     c - +0 shield
rPois  .         Gourm    .     (helmet restricted)
rElec  .         Spirit   .     (no cloak)
rCorr  .         Warding  .     (no gloves)
rMut   .         Stasis   .     (no boots)
MR     .....                    w - amulet of regeneration
Stlth  ..........               (no ring)
                                o - ring of see invisible

@: not resistant to hostile enchantments, extremely unstealthy
A: retaliatory headbutt, horns 2
a: no special abilities


You were on level 5 of the Dungeon.
You were not hungry.

You visited 1 branch of the dungeon, and saw 5 of its levels.

You collected 211 gold pieces.

Inventory:

Hand Weapons
 a - a +0 long sword (weapon)
Armour
 b - a +0 scale mail (worn)
 c - a +0 shield (worn)
Jewellery
 n - an uncursed amulet of resist mutation
 o - a ring of see invisible (left hand)
 s - an uncursed amulet of stasis
 w - an amulet of regeneration (around neck)
Wands
 A - a wand of cold (4)
Scrolls
 f - 6 scrolls of identify {unknown}
 h - 5 scrolls of remove curse {unknown}
 m - 2 scrolls of recharging {unknown}
 u - 4 scrolls of enchant weapon {unknown}
 y - 2 scrolls of enchant armour {unknown}
Potions
 d - 2 potions of might
 i - a potion of curing {unknown}
 k - a potion of poison {unknown}
 l - a potion of brilliance {unknown}
 x - a potion of heal wounds {unknown}
 z - a potion of agility {unknown}
Books
 q - a book of Ice

   Spells                             Type                      Level
   a - Ice Form                       Ice/Transmutation            4
   b - Metabolic Englaciation         Hexes/Ice                    5
   c - Ozocubu's Refrigeration        Ice                          6
   d - Bolt of Cold                   Conjuration/Ice              6
   e - Freezing Cloud                 Conjuration/Ice/Air          6
   f - Simulacrum                     Ice/Necromancy               6
Comestibles
 e - 3 bread rations
 g - a slice of pizza
 j - 3 fruits
 p - a beef jerky
 r - 2 royal jellies
 v - a meat ration


   Skills:
 + Level 4.4 Fighting
 + Level 3.2 Long Blades
 + Level 5.1 Armour
 + Level 2.5 Dodging
 + Level 0.1 Stealth
 + Level 5.3 Shields


You had 4 spell levels left.
You didn't know any spells.

Dungeon Overview and Level Annotations

Branches:
Dungeon (5/15)
 Temple: D:4-7

Altars:
Ashenzari
Trog
Vehumet


Innate Abilities, Weirdness & Mutations

You reflexively headbutt those who attack you in melee.
You have a pair of horns on your head.


Message History

You hit the ogre.
The ogre is lightly wounded.
The ogre hits you but does no damage.
You hit the ogre. You headbutt the ogre.
The ogre is lightly wounded.
The ogre hits you with a giant club!
You hit the ogre but do no damage.
The ogre is lightly wounded.
The ogre hits you with a giant club.
You hit the ogre.
The ogre is moderately wounded.
The ogre hits you with a giant club.
You barely miss the ogre.
The ogre is moderately wounded.
The ogre hits you with a giant club!
You closely miss the ogre.
The ogre is moderately wounded.
The ogre hits you with a giant club!!
Ouch! That really hurt!
You die...

... .... ... ... ### #.#
## ##.# #.##.## ##..#
#.######.#...####...####
......O@........+.......
#.######.#...## #.......
#.# ## #.<.... #.#
##..... #.# ##...# #.#
########'## #.#
#......#.#
#.#####...##.#.##
#................


You could see an ogre.

Vanquished Creatures
  A hound (D:4)
  3 worker ants
  A giant frog skeleton (D:4)
  An adder (D:3)
  A shadow imp (D:4)
  3 oozes
  2 worms
  10 orcs
  5 giant cockroaches
  5 goblins
  9 hobgoblins
  A quokka (D:4)
  4 bats
  3 giant geckos
  4 giant newts
  8 jackals
  7 kobolds
  3 rats
71 creatures vanquished.

Vanquished Creatures (others)
  A fungus (D:3)
  A plant (D:3)
2 creatures vanquished.

Grand Total: 73 creatures vanquished

Notes
Turn   | Place    | Note
--------------------------------------------------------------
     0 | D:1      | Peloso the Minotaur Fighter began the quest for the Orb.
     0 | D:1      | Reached XP level 1. HP: 19/19 MP: 0/0
   183 | D:1      | Reached XP level 2. HP: 27/27 MP: 1/1
   258 | D:1      | Reached skill level 4 in Fighting
   402 | D:2      | Found a faded altar to an unknown god.
   428 | D:2      | Became a worshipper of Vehumet
   428 | D:2      | Reached * piety under Vehumet
   428 | D:2      | Offered knowledge of Sting by Vehumet.
   469 | D:2      | Fell from the grace of Vehumet
   531 | D:2      | Reached XP level 3. HP: 29/33 MP: 2/2
   673 | D:2      | Found a bloodstained altar of Trog.
   938 | D:3      | Reached XP level 4. HP: 32/40 MP: 3/3
   956 | D:3      | Found a shattered altar of Ashenzari.
   960 | D:3      | Saw a vision of the Swamp and the Snake Pit.
   960 | D:3      | Noticed a naga
   960 | D:3      | Noticed an anaconda
   960 | D:3      | Noticed a naga ritualist
   960 | D:3      | Noticed an anaconda
   960 | D:3      | Noticed an anaconda
   960 | D:3      | Noticed a mana viper
   960 | D:3      | Noticed a naga mage
   960 | D:3      | Noticed a naga
   960 | D:3      | Noticed a mana viper
   960 | D:3      | Noticed a salamander
   960 | D:3      | Noticed a water moccasin
   960 | D:3      | Noticed a swamp drake
   961 | D:3      | Noticed a naga mage
   962 | D:3      | Noticed a naga sharpshooter
   965 | D:3      | Noticed a swamp drake
  1214 | D:3      | Reached skill level 5 in Shields
  1274 | D:3      | Reached skill level 1 in Dodging
  1618 | D:4      | Reached XP level 5. HP: 42/47 MP: 4/4
  1882 | D:4      | Reached skill level 5 in Armour
  2248 | D:5      | Entered Level 5 of the Dungeon
  2280 | D:5      | Noticed an ogre
  2287 | D:5      | Mangled by an ogre

Action                   |  1- 3 |  4- 6 || total
-------------------------+-------+-------++-------
Melee: Long sword        |    96 |   118 ||   214
Invok: Renounce Religion |     1 |       ||     1
  Eat: Chunk             |       |     5 ||     5
